 Dungeon Crawl Stone Soup version 0.23-a0-458-g93a6ea9 (webtiles) character file.

19742 theanonym the Destroyer (level 12, -17/93 HPs)
             Began as a Mummy Necromancer on Nov 25, 2018.
             Was an Elder of Vehumet.
             Demolished by a six-headed hydra (20 damage)
             ... on level 2 of the Lair of Beasts on Nov 26, 2018.
             The game lasted 00:50:04 (25538 turns).

theanonym the Destroyer (Mummy Necromancer)        Turns: 25538, Time: 00:50:04

Health: -17/93     AC: 16    Str: 12    XL:     12   Next: 39%
Magic:  3/28       EV: 13    Int: 20    God:    Vehumet [****..]
Gold:   667        SH:  0    Dex: 13    Spells: 6/21 levels left

rFire    x . .     SeeInvis .   a - +0 dagger (chaos)
rCold    + . .     Gourm    .   (no shield)
rNeg     + + +     Faith    +   q - +1 ring mail of Prudence {Int+2}
rPois    ∞         Spirit   .   i - +0 helmet
rElec    .         Reflect  .   h - +0 cloak
rCorr    .         Harm     .   w - +0 pair of gloves
MR       +....                  x - +1 pair of boots
Stlth    +.........             b - amulet of faith
HPRegen  0.25/turn              g - ring of magical power
MPRegen  0.21/turn              o - +3 ring of protection

@: no status effects
A: no food or potions, fire vulnerability, cold resistance 1, negative energy
resistance 3, torment resistance, unbreathing
a: Renounce Religion


Innate Abilities, Weirdness & Mutations

You do not eat or drink.
Your flesh is vulnerable to fire.
You are immune to poison.
Your flesh is cold resistant. (rC+)
You are immune to negative energy. (rN+++)
You are immune to unholy pain and torment.
You can survive without breathing.


   Skills:
 + Level 8.3 Fighting
 - Level 5.3 Short Blades
 + Level 6.9 Armour
 - Level 5.0 Dodging
 - Level 1.5 Stealth
 - Level 5.0 Spellcasting
 + Level 9.6 Conjurations
 - Level 6.0 Necromancy
 - Level 6.0 Ice Magic
 - Level 1.0 Air Magic
 - Level 1.0 Poison Magic


You had 6 spell levels left.
You knew the following spells:

 Your Spells              Type           Power        Failure   Level  Hunger
a - Throw Icicle          Conj/Ice       #####...     2%          4    N/A
c - Vampiric Draining     Necr           ####......   6%          3    N/A
d - Mephitic Cloud        Conj/Pois/Air  ###.....     4%          3    N/A
e - Animate Dead          Necr           N/A          19%         4    N/A
q - Apportation           Tloc           #.....       22%         1    N/A

Your spell library contained the following spells:

 Spells                   Type           Power        Failure   Level  Hunger
 Animate Skeleton         Necr           N/A          1%          1    N/A
 Freeze                   Ice            ####         1%          1    N/A
 Pain                     Necr           ####         1%          1    N/A
 Throw Frost              Conj/Ice       #####.       1%          2    N/A
 Ozocubu's Armour         Chrm/Ice       ###.....     21%         3    N/A
 Confusing Touch          Hex            #.....       22%         1    N/A
 Summon Small Mammal      Summ           #...         22%         1    N/A
 Summon Ice Beast         Ice/Summ       ###.....     54%         4    N/A
 Regeneration             Chrm/Necr      Unusable     N/A         3    N/A

Skill      XL: |  1  2  3  4  5  6  7  8  9 10 11 12 |
---------------+-------------------------------------+-----
Spellcasting   | 3 4 5 |  5.0
Necromancy     | 5 6 |  6.0
Short Blades   | 1 2 4 5 |  5.3
Armour         | 1 2 4 5 6 |  6.9
Conjurations   | 2 5 7 9 |  9.6
Ice Magic      | 2 5 6 |  6.0
Fighting       | 4 7 8 |  8.3
Dodging        | 4 5 |  5.0
Air Magic      | 1 |  1.0
Poison Magic   | 1 |  1.0
Stealth        | |  1.5

Action                   |  1- 3 |  4- 6 |  7- 9 | 10-12 || total
-------------------------+-------+-------+-------+-------++-------
Melee: Hand axe          |    87 |    66 |       |       ||   153
       Dagger            |       |    99 |  1328 |   670 ||  2097
       Short sword       |       |       |    29 |       ||    29
 Cast: Pain              |    13 |    89 |   156 |   100 ||   358
       Animate Skeleton  |    14 |    20 |     6 |       ||    40
       Vampiric Draining |       |     5 |    17 |    55 ||    77
       Animate Dead      |       |       |    20 |    54 ||    74
       Throw Frost       |       |       |     1 |       ||     1
       Throw Icicle      |       |       |       |   162 ||   162
       Mephitic Cloud    |       |       |       |    12 ||    12
Evoke: Wand              |       |       |    13 |    30 ||    43
  Use: Scroll            |       |     4 |     8 |    11 ||    23
 Stab: Sleeping          |     4 |     6 |       |       ||    10
       Distracted        |       |     1 |     1 |     2 ||     4
       Paralysed         |       |       |    11 |     5 ||    16
       Confused          |       |       |       |     9 ||     9
       Petrifying        |       |       |       |     2 ||     2
       Petrified         |       |       |       |     1 ||     1
Armor: Leather armour    |    24 |    50 |    38 |       ||   112
       Robe              |     1 |       |       |       ||     1
       Ring mail         |       |       |   617 |   434 ||  1051
Dodge: Dodged            |    68 |   115 |   630 |   466 ||  1279

Inventory:

Hand Weapons
 a - a +0 dagger of chaos (weapon)
   (You took it off Psyche on level 10 of the Dungeon)
Armour
 h - a +0 cloak (worn)
   (You found it on level 2 of the Dungeon)
 i - a +0 helmet (worn)
   (You found it on level 4 of the Dungeon)
 p - a +2 ring mail of magic resistance
   (You took it off Ijyb on level 5 of the Dungeon)
 q - the +1 ring mail of Prudence (worn) {Int+2}
   (You found it on level 8 of the Dungeon)

   It affects your intelligence (+2).
 w - a +0 pair of gloves (worn)
   (You found it on level 7 of the Dungeon)
 x - a +1 pair of boots (worn)
   (You found it on level 8 of the Dungeon)
Jewellery
 b - an amulet of faith (around neck)
   (You found it on level 7 of the Dungeon)
 g - a ring of magical power (left hand)
   (You found it on level 2 of the Dungeon)
 l - an uncursed ring of resist corrosion
   (You found it on level 3 of the Dungeon)
 m - the amulet "Ogarappa" {Reflect rF+ Dex-4 Slay+3 SH+4}
   (You found it on level 1 of the Lair of Beasts)

   [amulet of reflection]

   It shields you and reflects attacks.
   It affects your dexterity (-4).
   It affects your accuracy and damage with ranged weapons and melee attacks
   (+3).
   It protects you from fire.
   It affects your SH (+4).
 o - a +3 ring of protection (right hand)
   (You found it on level 6 of the Dungeon)
Wands
 c - a wand of clouds (1)
   (You found it on level 8 of the Dungeon)
 d - a wand of digging (6)
   (You found it on level 10 of the Dungeon)
 e - a wand of paralysis (7)
   (You found it on level 1 of the Lair of Beasts)
 v - a wand of acid (14)
   (You found it on level 8 of the Dungeon)
 z - a wand of random effects (24)
   (You found it on level 1 of the Lair of Beasts)
Scrolls
 f - 2 scrolls of fog
 j - 6 scrolls of immolation
 k - 3 scrolls of amnesia
 n - 10 scrolls of remove curse
 s - a scroll of fear
 t - 6 scrolls of teleportation {!r}
 u - 3 scrolls of enchant armour
 y - a scroll of magic mapping


You were on level 2 of the Lair of Beasts.
You worshipped Vehumet.
Vehumet was greatly pleased with you.
You were not hungry.

You visited 3 branches of the dungeon, and saw 14 of its levels.

You collected 667 gold pieces.

Dungeon Overview and Level Annotations

Branches:
Dungeon (11/15)            Temple (1/1) D:7            Lair (2/6) D:9
  Swamp: Lair:2-4    Shoals: Lair:2-4     Snake: Lair:2-4    Spider: Lair:2-4
    Orc: D:9-12

Altars:
Ashenzari
Dithmenos
Gozag
Hepliaklqana
Kikubaaqudgha
Makhleb
Nemelex Xobeh
Okawaru
Qazlal
Ru
Trog
Uskayaw
Vehumet
Xom
Yredelemnul
Zin
The Shining One

Annotations:
D:4 exclusion: orc priest

.....##......................###
....####...........+.........#
....#.##......#....#.........#
..................)..........###.
..F..........................#.#.
........#.#.##....[..............
......#.#######)..##.##..........
......### #.D#....#..........
......# ##.@.(...#......##.#
......# #........'.....#####
......# ##..............#
......## #..P...(#<.....#
...§...# ##...........)(##
......## #...#....#.....# ......#
## ##........#.....#
......###.#.#.#.....(..<....##
.........F........#'.##......#


You could see a six-headed hydra (berserk).

Notes
Turn   | Place    | Note
-------+----------+-------------------------------------------
     0 | D:1      | theanonym the Mummy Necromancer began the quest for the
                  | Orb.
     0 | D:1      | Reached XP level 1. HP: 13/13 MP: 4/4
   128 | D:1      | Reached skill level 3 in Spellcasting
   147 | D:1      | Reached XP level 2. HP: 11/19 MP: 6/6
   319 | D:1      | Learned a level 1 spell: Animate Skeleton
   499 | D:1      | HP: 7/19 [dart slug/slug dart (4)]
   756 | D:1      | HP: 9/19 [hobgoblin/+0 club (5)]
   759 | D:1      | Reached XP level 3. HP: 12/24 MP: 4/7
  1181 | D:2      | Learned a level 3 spell: Vampiric Draining
  1300 | D:2      | Noticed Jessica
  1315 | D:2      | Killed Jessica
  1315 | D:2      | Reached skill level 5 in Necromancy
  1361 | D:2      | Reached XP level 4. HP: 25/30 MP: 9/9
  1403 | D:2      | Noticed Terence
  1415 | D:2      | Killed Terence
  1521 | D:2      | Learned a level 4 spell: Animate Dead
  1608 | D:2      | Reached skill level 4 in Spellcasting
  1628 | D:2      | Found a shimmering altar of Xom.
  1805 | D:2      | Found a hazy altar of Hepliaklqana.
  1995 | D:3      | HP: 13/30 [adder (4)]
  1997 | D:3      | HP: 6/30 [adder (3)]
  2566 | D:3      | Found a stormy altar of Qazlal.
  2584 | D:3      | HP: 11/30 [worm (9)]
  2772 | D:3      | Found a sparkling altar of Nemelex Xobeh.
  3010 | D:3      | Reached XP level 5. HP: 30/35 MP: 11/11
  3295 | D:3      | Found an iron altar of Okawaru.
  3295 | D:3      | Found a bloodstained altar of Trog.
  3768 | D:4      | Found an opulent altar of Gozag.
  3778 | D:4      | Reached skill level 1 in Short Blades
  3941 | D:4      | HP: 15/35 [worker ant zombie (4)]
  3942 | D:4      | Reached skill level 1 in Armour
  4159 | D:4      | Noticed a phantom
  4450 | D:4      | Reached skill level 6 in Necromancy
  4450 | D:4      | Reached XP level 6. HP: 26/41 MP: 12/12
  4455 | D:4      | HP: 19/41 [orc wizard/+0 dagger (3)]
  4743 | D:4      | Reached skill level 5 in Spellcasting
  4866 | D:4      | Reached skill level 2 in Short Blades
  4866 | D:4      | Reached skill level 2 in Armour
  4905 | D:5      | Entered Level 5 of the Dungeon
  4968 | D:5      | Noticed a sky beast
  4977 | D:5      | HP: 19/41 [sky beast (6)]
  4980 | D:5      | Killed a sky beast
  4980 | D:5      | Reached XP level 7. HP: 27/46 MP: 7/14
  5252 | D:4      | Reached skill level 3 in Short Blades
  5252 | D:4      | Reached skill level 3 in Armour
  5316 | D:5      | HP: 19/46 [phantom (9)]
  5322 | D:5      | HP: 11/46 [phantom (4)]
  5339 | D:5      | HP: 11/46 [phantom (3)]
  5605 | D:4      | You fall through a shaft!
  5605 | D:5      | Found a burning altar of Makhleb.
  5617 | D:5      | HP: 23/46 [something (6)]
  6704 | D:4      | Found an opulent altar of Gozag.
  7168 | D:5      | Found a sacrificial altar of Ru.
  7168 | D:5      | Noticed Ijyb
  7201 | D:5      | Paralysed by Ijyb for 6 turns
  7208 | D:5      | Killed Ijyb
  7299 | D:5      | Noticed Blork the orc
  7307 | D:5      | Killed Blork the orc
  7307 | D:5      | Reached skill level 4 in Short Blades
  7307 | D:5      | Reached skill level 4 in Armour
  7307 | D:5      | Reached XP level 8. HP: 52/52 MP: 15/15
  8178 | D:5      | HP: 26/52 [quasit (3)]
  8192 | D:5      | HP: 25/52 [quasit (2)]
  8198 | D:5      | HP: 24/52 [quasit (2)]
  8631 | D:5      | Found a basalt altar of Yredelemnul.
  8759 | D:5      | Noticed Menkaure
  9159 | D:5      | HP: 24/52 [Menkaure (17)]
  9357 | D:6      | Reached skill level 5 in Short Blades
  9357 | D:6      | Reached skill level 5 in Armour
  9491 | D:6      | Learned a level 4 spell: Throw Icicle
  9952 | D:6      | Found a glowing silver altar of Zin.
 10030 | D:6      | Reached skill level 1 in Conjurations
 10030 | D:6      | Reached skill level 1 in Ice Magic
 10619 | D:6      | Reached skill level 2 in Conjurations
 10619 | D:6      | Reached skill level 2 in Ice Magic
 10707 | D:6      | Found a shadowy altar of Dithmenos.
 10994 | D:6      | Found a shadowy altar of Dithmenos.
 11157 | D:6      | Reached XP level 9. HP: 36/57 MP: 16/16
 11506 | D:6      | Found a glowing silver altar of Zin.
 11969 | D:6      | HP: 27/57 [wight/+5 dagger (6)]
 12139 | D:7      | HP: 27/57 [wight/+3 halberd (12)]
 12143 | D:6      | Reached skill level 3 in Conjurations
 12143 | D:6      | Reached skill level 3 in Ice Magic
 12357 | D:7      | Found a staircase to the Ecumenical Temple.
 12367 | Temple   | Entered the Ecumenical Temple
 12390 | Temple   | Became a worshipper of Vehumet
 12550 | D:7      | Learned a level 2 spell: Throw Frost
 12702 | D:7      | HP: 24/57 [orc warrior/+0 trident (5)]
 13231 | D:7      | Reached skill level 4 in Conjurations
 13231 | D:7      | Reached skill level 4 in Ice Magic
 13332 | D:7      | HP: 24/57 [orc warrior/+0 long sword (15)]
 13335 | D:7      | Reached * piety under Vehumet
 13335 | D:7      | Offered knowledge of Magic Dart by Vehumet.
 13339 | D:7      | HP: 28/57 [black bear (7)]
 13344 | D:7      | HP: 23/57 [black bear (3)]
 13349 | D:7      | HP: 15/57 [black bear (4)]
 13630 | D:7      | Found a hide-covered altar of Uskayaw.
 13945 | D:8      | Noticed Pikel
 14097 | D:7      | Reached skill level 5 in Conjurations
 14097 | D:7      | Reached skill level 5 in Ice Magic
 14298 | D:7      | Killed Pikel
 14372 | D:8      | Got a fine ring mail
 14373 | D:8      | Identified the +1 ring mail of Prudence {Int+2} (You found
                  | it on level 8 of the Dungeon)
 14546 | D:8      | Found an ancient bone altar of Kikubaaqudgha.
 14562 | D:8      | Reached XP level 10. HP: 63/63 MP: 17/17
 15142 | D:9      | Found a staircase to the Lair.
 15145 | D:9      | Learned a level 1 spell: Apportation
 15427 | D:9      | Reached skill level 6 in Conjurations
 15427 | D:9      | Reached skill level 6 in Ice Magic
 15466 | D:9      | Offered knowledge of Sting by Vehumet.
 15657 | D:9      | Reached ** piety under Vehumet
 15975 | D:10     | Entered Level 10 of the Dungeon
 16043 | D:10     | Reached skill level 1 in Fighting
 16047 | D:10     | Reached skill level 2 in Dodging
 16049 | D:10     | HP: 32/65 [orc warrior/+0 dire flail (10)]
 16095 | D:10     | Noticed Grum
 16098 | D:10     | HP: 26/65 [wolf[Grum] (9)]
 16100 | D:10     | HP: 11/65 [wolf[Grum] (9)]
 16388 | D:10     | Killed Grum
 16397 | D:10     | HP: 30/66 [wolf[Grum] (9)]
 16406 | D:10     | Noticed a gargoyle
 16590 | D:10     | Killed a gargoyle
 16590 | D:10     | Reached skill level 2 in Fighting
 16690 | D:10     | Reached skill level 7 in Conjurations
 17027 | D:10     | Killed an unseen horror
 17027 | D:10     | Reached skill level 3 in Fighting
 17027 | D:10     | Reached skill level 3 in Dodging
 17366 | D:10     | Noticed Joseph
 17367 | D:10     | Offered knowledge of Static Discharge by Vehumet.
 17376 | D:10     | Paralysed by Joseph for 3 turns
 17389 | D:10     | Killed Joseph
 17512 | D:10     | Noticed a cyclops
 17672 | D:10     | Killed a cyclops
 17672 | D:10     | Reached skill level 4 in Fighting
 17780 | D:10     | Noticed Urug
 18074 | D:11     | Reached skill level 4 in Dodging
 18074 | D:11     | Reached XP level 11. HP: 77/77 MP: 10/18
 18267 | D:11     | Reached *** piety under Vehumet
 18617 | D:11     | HP: 35/78 [orc warrior/+0 dire flail (16)]
 18624 | D:11     | Offered knowledge of Stone Arrow by Vehumet.
 18625 | D:11     | HP: 35/78 [something/puff of flame (15)]
 18788 | D:11     | Noticed an orc knight
 18800 | D:11     | Killed an orc knight
 18800 | D:11     | Reached skill level 5 in Fighting
 18815 | D:11     | Reached skill level 8 in Conjurations
 18825 | D:11     | HP: 33/80 [orc warrior/+0 trident (16)]
 18916 | D:10     | HP: 38/80 [Urug/javelin of penetration (8)]
 18921 | D:11     | HP: 34/80 [orc warrior/cursed -2 dire flail (9)]
 19115 | D:10     | Killed Urug
 19115 | D:10     | Reached skill level 5 in Dodging
 19381 | D:10     | Noticed Psyche
 19386 | D:10     | Killed Psyche
 19517 | D:10     | Reached **** piety under Vehumet
 20337 | D:10     | Offered knowledge of Mephitic Cloud by Vehumet.
 20337 | D:10     | Reached skill level 6 in Fighting
 20470 | D:10     | Learned a level 3 spell: Mephitic Cloud
 20506 | D:11     | HP: 39/81 [acid (3)]
 20511 | D:11     | HP: 21/81 [jelly (2)]
 20514 | D:11     | HP: 9/81 [acid (3)]
 20858 | D:11     | Noticed a skeletal warrior
 20858 | D:11     | Noticed a skeletal warrior
 21064 | Lair:1   | Entered Level 1 of the Lair of Beasts
 21405 | D:5      | Found a burning altar of Makhleb.
 21430 | D:5      | Killed Menkaure
 21745 | Lair:1   | Got a flickering garnet amulet
 21755 | Lair:1   | Reached skill level 1 in Air Magic
 21755 | Lair:1   | Reached skill level 1 in Poison Magic
 21756 | Lair:1   | Identified the amulet "Ogarappa" {Reflect rF+ Dex-4 Slay+3
                  | SH+4} (You found it on level 1 of the Lair of Beasts)
 21780 | Lair:1   | HP: 26/81 [spiny frog (20)]
 21789 | Lair:1   | HP: 22/82 [yak (1)]
 22111 | Lair:1   | Noticed a seven-headed hydra
 22119 | Lair:1   | Killed a seven-headed hydra
 22487 | Lair:1   | HP: 36/83 [basilisk (13)]
 22492 | Lair:1   | HP: 31/83 [something (11)]
 22929 | Lair:2   | Reached skill level 7 in Fighting
 23090 | Lair:2   | Noticed an oklob plant
 23098 | Lair:2   | Noticed an oklob plant
 23112 | Lair:2   | Reached skill level 9 in Conjurations
 23125 | Lair:2   | HP: 42/84 [acid (7)]
 23126 | Lair:2   | Killed an oklob plant
 23126 | Lair:2   | Reached skill level 6 in Armour
 23126 | Lair:2   | Reached XP level 12. HP: 46/91 MP: 10/19
 23131 | Lair:2   | HP: 44/91 [oklob plant/splash of acid (3)]
 23467 | Lair:2   | Noticed a six-headed hydra
 23504 | Lair:1   | HP: 41/91 [blink frog (16)]
 23959 | Lair:2   | HP: 38/91 [something (9)]
 23971 | Lair:2   | HP: 34/91 [centaur/arrow (7)]
 24967 | Lair:2   | Noticed a seven-headed hydra
 24975 | Lair:2   | Killed a seven-headed hydra
 24975 | Lair:2   | Reached skill level 8 in Fighting
 25067 | Lair:2   | Noticed Nergalle
 25074 | Lair:2   | Killed Nergalle
 25244 | Lair:2   | HP: 36/93 [blink frog (12)]
 25299 | Lair:2   | HP: 39/93 [spiny frog (2)]
 25537 | Lair:2   | HP: 44/93 [six-headed hydra (7)]
 25537 | Lair:2   | HP: 21/93 [six-headed hydra (21)]
 25538 | Lair:2   | HP: 3/93 [six-headed hydra (12)]
 25538 | Lair:2   | Demolished by a six-headed hydra

Vanquished Creatures
  2 hydras
  Urug (D:10)
  An unseen horror (D:10)
  Pikel (D:7)
  An orc knight (D:11)
  An oklob plant (Lair:2)
  A cyclops (D:10)
  Joseph (D:10)
  7 spiny frogs
  Psyche (D:10)
  2 blink frogs
  A hippogriff (D:8)
  A wraith (D:11)
  11 yaks
  2 wyverns
  Grum (D:10)
  2 basilisks
  Menkaure (D:5)
  3 water moccasins
  5 porcupines
  An ice beast (D:9)
  A slave (D:7)
  9 orc warriors
  4 sky beasts
  3 black bears
  2 phantoms
  A necrophage (D:7)
  7 centaurs
  An ogre (D:5)
  5 crocodiles
  2 wolves
  A big kobold (D:11)
  Blork the orc (D:5)
  8 bullfrogs
  8 killer bees
  3 scorpions
  9 wights
  8 howler monkeys
  2 crimson imps (D:6)
  3 bullfrog zombies
  2 quasits
  4 centaur skeletons
  6 hounds
  6 orc priests
  4 jellies
  A bullfrog skeleton (D:7)
  18 orc wizards
  Terence (D:2)
  Jessica (D:2)
  4 iguanas
  Ijyb (D:5)
  7 worker ants
  A hound zombie (D:4)
  A hound skeleton (D:7)
  A howler monkey zombie (D:6)
  3 worker ant zombies
  12 adders
  A shadow imp (D:5)
  2 oozes
  2 adder skeletons
  8 worms
  2 dart slugs (D:1)
  3 leopard geckos
  41 orcs
  4 giant cockroaches
  7 goblins
  5 hobgoblins
  11 jackals
  5 quokkas
  7 bats
  8 frilled lizards
  2 gnoll zombies (D:5)
  A jackal skeleton (D:6)
  A jackal zombie (D:6)
  17 kobolds
  A leopard gecko skeleton (D:5)
  A quokka skeleton (D:3)
  13 rats
340 creatures vanquished.

Vanquished Creatures (collateral kills)
  Nergalle (Lair:2)
  An oklob plant (Lair:2)
  A cyclops (D:11)
  A spiny frog (Lair:1)
  A gargoyle (D:10)
  A centaur skeleton (D:11)
  2 blink frogs (Lair:2)
  2 yaks (Lair:1)
  A water moccasin (Lair:2)
  An orc warrior (D:10)
  A necrophage (D:10)
  A wolf (D:10)
  A centaur (D:9)
  2 crocodiles
  A killer bee (D:9)
  2 crimson imps
  An orc wizard (D:11)
  An iguana (D:9)
  An adder (D:3)
  An adder zombie (D:7)
  A dart slug (D:1)
  4 orcs
  A goblin (D:1)
  A frilled lizard (D:2)
  A rat (D:1)
  A plant (Lair:2)
33 creatures vanquished.

Vanquished Creatures (others)
  A slave (D:8)
  3 bushes (Lair:2)
  4 fungi
  7 plants
15 creatures vanquished.

Grand Total: 388 creatures vanquished

Table legend:
 A = Turns spent in this place as a percentage of turns spent in the entire game.
 B = Non-inter-level travel turns spent in this place as a percentage of non-inter-level travel turns spent in the entire game.
 C = Inter-level travel turns spent in this place as a percentage of turns spent in this place.
 D = Turns resting spent in this place as a percentage of non-inter-level travel turns spent in this place.
 E = Turns spent auto-exploring this place as a percentage of non-inter-level travel turns spent in this place.
 F = Non-inter-level travel turns spent in this place divided by the number of levels of this place that you've seen.
                   A       B       C       D       E      F
               +-------+-------+-------+-------+-------+----------------------
         Total | 100.0 | 100.0 |   3.5 |  51.4 |  28.1 | 1760.5
       Dungeon |  82.8 |  82.6 |   3.7 |  47.7 |  31.2 | 1850.6
        Temple |   0.7 |   0.6 |   5.4 |  75.3 |   0.0 | 158.0
          Lair |  16.5 |  16.8 |   2.1 |  68.4 |  13.6 | 2066.0
               +-------+-------+-------+-------+-------+----------------------
